 Dungeon Crawl Stone Soup version 0.31-a0-271-gb88eb75e06 (webtiles) character file.

Game seed: 2358773550333151289

27 cforsyth the Changeling (level 3, -1/29 HPs)
             Began as a Meteoran Shapeshifter on July 14, 2023.
             Slain by a worm (9 damage)
             ... on level 3 of the Dungeon.
             The game lasted 00:01:40 (393 turns).

cforsyth the Changeling (Meteoran Shapeshifter)      Turns: 393, Time: 00:01:41

Health: -1/29      AC:  2    Str: 18    XL:     3   Next: 44%
Magic:  4/4        EV: 12    Int: 10    God:
Gold:   24         SH:  0    Dex: 14    Spells: 2/2 levels left

rFire   . .          .
                       - Unarmed
rCold   . . .        (no shield)
rNeg    . . .        a - +0 animal skin
rPois   .            (helmet currently unavailable)
rElec   .            (cloak currently unavailable)
rCorr   .            (gloves currently unavailable)
SInv    .            (boots currently unavailable)
Will    .....        (no amulet)
Stlth   +            (no ring)
HPRegen 0.24/turn    (no ring)
MPRegen 0.09/turn

%: no passive effects
@: beast-form, glowing
A: beast (slay +2), sense surroundings 1, otherworldly, glowing, explore regen
a: Begin Untransformation


You were on level 3 of the Dungeon.
You were a hulking beast.
You visited 1 branch of the dungeon, and saw 3 of its levels.

You collected 24 gold pieces.

Inventory:

Armour
 a - a +0 animal skin (worn)
Talismans
 c - a beast talisman
Scrolls
 e - a scroll of vulnerability {unknown}
 g - a scroll of fog {unknown}
Potions
 b - a potion of lignification
 d - a potion of brilliance {unknown}
 f - a potion of magic {unknown}


   Skills:
 - Level 2.1 Fighting
 - Level 2.4 Dodging
 + Level 3.4 Unarmed Combat
 + Level 4.2 Shapeshifting


You had 2 spell levels left.
You didn't know any spells.
Your spell library contained the following spells:

 Spells                   Type           Power      Damage    Failure   Level
 Foxfire                  Conj/Fire      0%         2x1d4     36%         1
 Plasma Beam              Fire/Air       0%         2x1d10    100%        6
 Starburst                Conj/Fire      0%         6d3       100%        6


Dungeon Overview and Level Annotations

Branches:
Dungeon (3/15) Zot: 1410

Altars:


Innate Abilities, Weirdness & Mutations

You are a hulking beast.
Your limbs bulge with bestial killing power. (Slay +2)
You passively map a small area around you.
You are easily found by Zot.
You glow in the dark.
You regain HP and MP as you explore.


Message History

You barely miss the frilled lizard. The frilled lizard closely misses you.
You closely miss the frilled lizard. The frilled lizard barely misses you.
You barely miss the frilled lizard. The frilled lizard barely misses you.
You hit the frilled lizard.
You kill the frilled lizard!
No target in view!
No target in view!
No target in view!
No target in view!
No target in view!
Found a stone staircase leading down.
No target in view!
No target in view!
There is a stone staircase leading down here.
Found a book of Fire.
You pick up a book of Fire and begin reading...
You add the spells Foxfire, Plasma Beam and Starburst to your library.
A goblin comes into view. It is wielding a +0 dagger.
The goblin closely misses you.
You hit the goblin.
You kill the goblin!
Things that are here:
a +0 dagger; a goblin corpse
Found a long sword.
You open the door.
A worm comes into view.
There is an open door here.
The worm bites you!
You hit the worm.
The worm is lightly wounded.
You punch the worm!
The worm is heavily wounded.
The worm bites you!
* * * LOW HITPOINT WARNING * * *
You hit the worm.
The worm is heavily wounded.
You hit the worm.
The worm is severely wounded.
The worm bites you!
You die...

, * ### , #.. * * #.#
*#+## #.# ##...## , *
#.#### ##.....###
#.##.## ##.........,
#####.#...####.........#
.............'..hw.....+
,
##)..........#.........#
#.#####.###.##........#
#.# #.# #.###.....#.# ,
#.# #.# #.# ##...## #
#.# #.# #.# #+## #.# #..
..# * #.. ..# ### *,* *
*


You could see a worm.

Vanquished Creatures
  A dart slug (D:1)
  2 endoplasms (D:1)
  2 giant cockroaches (D:1)
  3 goblins
  A hobgoblin (D:1)
  4 kobolds (D:1)
  2 quokkas (D:1)
  A ball python (D:1)
  3 bats (D:1)
  2 frilled lizards
  2 rats (D:1)
23 creatures vanquished.

Notes
Turn   | Place    | Note
-------+----------+-------------------------------------------
     0 | D:1      | cforsyth the Meteoran Shapeshifter began the quest for the
                  | Orb.
     0 | D:1      | Reached XP level 1. HP: 17/17 MP: 2/2
   101 | D:1      | Reached XP level 2. HP: 21/24 MP: 3/3
   158 | D:1      | Reached skill level 4 in Shapeshifting
   215 | D:1      | Reached XP level 3. HP: 26/29 MP: 4/4
   393 | D:3      | Slain by a worm

Illustrated notes

Levels and vault maps discovered:
D:1:      saegor_arrival_under_anarchy, layout_loops_ring,
          nicolae_concentric_dashed_squares_wild
D:2:      layout_basic
D:3:      layout_loops_corners, dreamdust_ecumenical_altar_hidden_monk_grotto,
          uniq_ijyb

Skill      XL: |  1  2 |
---------------+-------+-----
Unarmed Combat | 3 |  3.4
Shapeshifting  | 4 |  4.2
Fighting       | |  2.1
Dodging        | |  2.4

Action                     || total
---------------------------++-------
  Melee: Unarmed           ||    55
         Punch             ||     1
 Armour: Animal skin       ||    10
  Dodge: Dodged            ||    34

Table legend: (Time is in decaauts)
 A = Elapsed time spent in this place.
 B = Non-inter-level travel time spent in this place.
 C = Inter-level travel time spent in this place.
 D = Time resting spent in this place.
 E = Time spent auto-exploring this place.
 F = Levels seen in this place.
 G = Mean time per level.
                   A        B        C        D        E       F      G
               +--------+--------+--------+--------+--------+-----+--------+
         Total |    389 |    389 |      0 |      0 |     48 |   3 |  129.7 |
       Dungeon |    389 |    389 |      0 |      0 |     48 |   3 |  129.7 |
               +--------+--------+--------+--------+--------+-----+--------+

Top non-repeatable levels by time:
     D:1: 270 daAuts
     D:3: 109 daAuts
     D:2: 9 daAuts
